 Dungeon Crawl Stone Soup version 0.15-a0-672-g38fd0bf (webtiles) character file.

293 Bloax the Cudgeler (level 6, -11/39 HPs)
             Began as a Gargoyle Fighter on May 8, 2014.
             Mangled by an ogre
             ... wielding a +0,+0 giant club
              (19 damage)
             ... on Level 4 of the Dungeon.
             The game lasted 00:05:11 (738 turns).

Bloax the Cudgeler (Gargoyle Fighter)                Turns: 738, Time: 00:05:11

HP -11/39        AC 13     Str 25      XL: 6   Next: 33%
MP   6/6         EV  5     Int  9      God:
Gold 70          SH 19     Dex 10      Spells:  0 memorised,  5 levels left

rFire  . . .     SeeInvis .     a - +0 flail
rCold  . . .     Clarity  .     f - +0 chain mail
rNeg   + . .     Conserve .     c - +0 shield
rPois  +         rCorr    .     (no helmet)
rElec  +         rRot     +     (no cloak)
SustAb . .       Spirit   .     (no gloves)
rMut   .         Warding  .     (no boots)
Saprov . . .     Stasis   .     (no amulet)
MR     .....                    (no ring)
                                j - ring of stealth

@: mighty, not resistant to hostile enchantments, extremely unstealthy
A: life protection 1, electricity resistance, unbreathing, petrification
resistance, AC +4
a: no special abilities


You were on level 4 of the Dungeon.
You were not hungry.

You visited 1 branch of the dungeon, and saw 4 of its levels.

You collected 70 gold pieces.


Innate Abilities, Weirdness & Mutations

You are resistant to torment.
You are immune to poison.
You are immune to rotting.
Your stone body is very resilient (AC +4).
You resist negative energy.
You are resistant to electric shocks.
You can survive without breathing.
You are immune to petrification.


   Skills:
 + Level 4.5 Fighting
 * Level 6.4 Maces & Flails
 - Level 3.2 Armour
 - Level 3.2 Shields


You had 5 spell levels left.
You didn't know any spells.

Dungeon Overview and Level Annotations

Branches:
Dungeon (4/15)
 Temple: D:4-7

Altars:
Dithmenos

Annotations:
D:4 Sigmund

Inventory:

Hand weapons
 a - a +0,+0 flail (weapon)
Armour
 c - a +0 shield (worn)
 f - a +0 chain mail (worn)
   (You found it on level 1 of the Dungeon)
Comestibles
 d - 3 bread rations
Scrolls
 b - a scroll of blinking {unknown}
 k - a scroll of magic mapping
Jewellery
 j - a ring of stealth (left hand)
   (You found it on level 2 of the Dungeon)
Potions
 i - a potion of lignification {unknown}
 m - a potion of flight {unknown}
 n - a potion of confusion {unknown}

#.......#,* # * #......#*,*
#.......#,* #.* #.#....##.#
#...%...#,* #.###.#........
#.......#,* #...#.#.#.###.#
#.......#.#######.#.......#,#
#.......#.......<.....#...#,*
#.......############..#####,*
##.......................,,,,
###########@#####..##....,,*
#O# *,,..,,....,,* ****#.#
*,#.#**####*** *,,,..#
*,#.**8*8*8*8* *,**###
,*,+,,,,,,,,, *,*
*,*,**8*8*8*8* *,*
*,*,********* * *
*,*,*,,,,,,,,, *******,*
*,*,*,*****,,,


You could see an ogre.


Message History

You closely miss the orc. The orc hits you but does no damage.
The orc hits you but does no damage.
You sock the orc!
You kill the orc!
Items here: % )) [ a hand axe; a leather armour; an orc corpse; a club You see here 14 gold pieces.
You now have 70 gold pieces (gained 14).
Autopickup is now on.
Found a scroll labeled SKAR SOUGIHYRE.
Prince Ribbit comes into view.
Prince Ribbit gives a loud, deep croak!
Prince Ribbit blinks!
Drink which item? (? for menu, Esc to quit)
You feel very mighty all of a sudden.
Prince Ribbit blinks!
Prince Ribbit blinks!
You see here a scroll labeled SKAR SOUGIHYRE.
b - a scroll labeled SKAR SOUGIHYRE Prince Ribbit blinks!
Prince Ribbit blinks!
You sock Prince Ribbit!
Prince Ribbit is moderately wounded.
You block Prince Ribbit's attack. Prince Ribbit completely misses you.
You completely miss Prince Ribbit.
Prince Ribbit is moderately wounded.
Prince Ribbit barely misses you. Prince Ribbit completely misses you.
You miss Prince Ribbit.
Prince Ribbit is moderately wounded.
Prince Ribbit hits you.
You bludgeon Prince Ribbit!!
Prince Ribbit is severely wounded.
You block Prince Ribbit's attack. x2
You miss Prince Ribbit.
Prince Ribbit is severely wounded.
Prince Ribbit barely misses you.
Prince Ribbit hits you but does no damage.
Prince Ribbit is severely wounded.
Prince Ribbit blinks!
You miss Prince Ribbit.
Prince Ribbit is severely wounded.
Prince Ribbit hits you.
You closely miss Prince Ribbit.
Prince Ribbit is severely wounded.
Prince Ribbit barely misses you.
Prince Ribbit hits you but does no damage.
You sock Prince Ribbit!
Prince Ribbit is almost dead.
Prince Ribbit hits you but does no damage.
You block Prince Ribbit's attack.
Prince Ribbit is almost dead.
Prince Ribbit hits you!
* * * LOW HITPOINT WARNING * * *
You block Prince Ribbit's attack.
You thump Prince Ribbit!
You kill Prince Ribbit!
Your Fighting skill increases to level 4!
Your Maces & Flails skill increases to level 6!
You have reached level 5!
You have reached level 6!
Your experience leads to an increase in your attributes!
Increase (S)trength, (I)ntelligence, or (D)exterity?
You feel agile.
You see here the human corpse of Prince Ribbit.
An ogre comes into view. It is wielding a giant club.
The ogre shouts!
You bludgeon the ogre!!
The ogre is almost dead.
The ogre hits you with a giant club!
You die...

Action                   |  1- 3 |  4- 6 || total
-------------------------+-------+-------++-------
Melee: Flail             |    99 |    59 ||   158
  Use: Scroll            |       |     5 ||     5
       Potion            |       |     2 ||     2

Vault maps used:
D:1:      kilobyte_arrival_exit_the_forest
D:2:      grunt_dithmenos_smoke_and_mirrors, minivault_5,
          kennysheep_generic_room_8, uniq_crazy_yiuf_cottage, uniq_iyjb
D:3:      first_bread, minmay_goblin_outpost, uniq_jessica
D:4:      dk_noncrumbling_1, uniq_natasha, uniq_prince_ribbit1, uniq_sigmund

Notes
Turn   | Place    | Note
--------------------------------------------------------------
     0 | D:1      | Bloax, the Gargoyle Fighter, began the quest for the Orb.
     0 | D:1      | Reached XP level 1. HP: 14/14 MP: 1/1
     0 | D:1      | Upgraded the game from 0.15-a0-481-g5350d32 to 0.15-a0-672-g38fd0bf
   103 | D:1      | Reached XP level 2. HP: 19/19 MP: 2/2
   140 | D:2      | Reached skill level 3 in Maces & Flails
   165 | D:2      | Found a shadowy altar of Dithmenos.
   350 | D:3      | Noticed Jessica
   356 | D:3      | Killed Jessica
   356 | D:3      | Reached XP level 3. HP: 20/23 MP: 3/3
   361 | D:3      | Reached skill level 4 in Maces & Flails
   460 | D:3      | Reached XP level 4. HP: 15/28 MP: 4/4
   591 | D:4      | Noticed Sigmund
   667 | D:4      | Noticed Natasha
   677 | D:4      | HP: 1/28 [Natasha/magic dart (8)]
   685 | D:4      | Killed Natasha
   685 | D:4      | Reached skill level 5 in Maces & Flails
   702 | D:4      | Noticed Prince Ribbit
   725 | D:4      | HP: 6/28 [Prince Ribbit (12)]
   726 | D:4      | Killed Prince Ribbit
   726 | D:4      | Reached skill level 4 in Fighting
   726 | D:4      | Reached skill level 6 in Maces & Flails
   726 | D:4      | Reached XP level 5. HP: 6/34 MP: 5/5
   726 | D:4      | Reached XP level 6. HP: 6/39 MP: 6/6
   736 | D:4      | Noticed an ogre
   738 | D:4      | Mangled by an ogre

Vanquished Creatures
  Prince Ribbit (D:4)
  Natasha (D:4)
  Jessica (D:3)
  2 adders (D:3)
  A worm (D:3)
  An orc (D:4)
  4 bats
  2 giant cockroaches
  6 hobgoblins
  3 kobolds (D:3)
  A quokka (D:3)
  2 giant newts (D:2)
  6 goblins
  4 rats
  A rat skeleton (D:4)
36 creatures vanquished.
